 Dungeon Crawl Stone Soup version 0.24-a0-530-g18ba70b5 (webtiles) character file.

Game seed: 1683660382766479892

70 Faca the Shooter (level 4, 0/41 HPs)
             Began as a Centaur Hunter on Aug 7, 2019.
             Slain by an orc priest (3 damage)
             ... on level 3 of the Dungeon.
             The game lasted 00:04:50 (1648 turns).

Faca the Shooter (Centaur Hunter)                   Turns: 1648, Time: 00:04:50

Health: 0/41       AC:  5    Str: 15    XL:     4   Next: 4%
Magic:  4/4        EV:  8    Int: 10    God:
Gold:   33         SH:  0    Dex: 10    Spells: 3/3 levels left

rFire    . . .     SeeInvis +   b - +0 short sword
rCold    . . .     Gourm    .   (no shield)
rNeg     . . .     Faith    .   m - +0 ring mail
rPois    .         Spirit   .   (no helmet)
rElec    .         Reflect  .   (no cloak)
rCorr    .         Harm     .   (no gloves)
MR       +....                  (no barding)
Stlth    ..........             (no amulet)
HPRegen  0.13/turn              h - ring of see invisible
MPRegen  0.09/turn              n - ring of protection from magic

@: very quick
A: large, hooves 3, deformed body, speed 2, tough skin 3
a: no special abilities


You were on level 3 of the Dungeon.
You were not hungry.

You visited 1 branch of the dungeon, and saw 4 of its levels.

You collected 33 gold pieces.

Inventory:

Hand Weapons
 a - a +1 shortbow
 b - a +0 short sword (weapon)
Missiles
 d - 20 arrows
Armour
 m - a +0 ring mail (worn)
Jewellery
 h - a ring of see invisible (left hand)
 n - a ring of protection from magic (right hand)
Scrolls
 c - a scroll of immolation {unknown}
 g - 2 scrolls of identify {unknown}
 i - a scroll of magic mapping {unknown}
 j - a scroll of teleportation {unknown}
 k - a scroll of remove curse {unknown}
 l - a scroll of random uselessness {unknown}
Potions
 p - a potion of brilliance {unknown}
Comestibles
 f - 3 rations
 o - 2 chunks of flesh


   Skills:
 + Level 4.3 Fighting
 - Level 5.3 Bows
 - Level 1.3 Dodging
 - Level 0.4 Stealth


You had 3 spell levels left.
You didn't know any spells.
Your spell library was empty.

Dungeon Overview and Level Annotations

Branches:
Dungeon (4/15)
 Temple: D:4-7

Altars:
Dithmenos

Portals:
Sewer: D:3


Innate Abilities, Weirdness & Mutations

You have hooves in place of feet.
Armour fits poorly on your strangely shaped body.
You cover ground very quickly.
You have extremely tough skin. (AC +3)


Message History

You feel less wooden.
Your +0 ring mail unmelds from your body.
You start resting.
An orc comes into view. It is wielding a +0 hand axe.
An orc and an orc priest come into view.
The orc shouts! x2; The orc priest shouts!
You hear a shout!
You see here a giant cockroach corpse.
An orc comes into view. It is wielding a +0 club.
The orc shouts!
The orc barely misses you.
An orc priest comes into view.
The orc priest shouts!
You hit the orc priest.
The orc priest is moderately wounded.
The orc priest hits you.
* * * LOW HITPOINT WARNING * * *
The orc barely misses you.
The orc priest hits you but does no damage.
The orc priest hits you.
You die...

#..........
##.#######..#
#..#≈≈≈≈≈#....
#..'≈≈∩≈≈#....
#..#≈≈≈≈≈#...
#..#######.#
##..........###
##†.#.o.........
#.#...o@........
##†#####o..####
#.# #..## #.#
#..# #o# #..#
#### #.#####o.#
#.. ####.##.....#
#.#
#.....o.....###†#
#.##............#


You could see 2 orc priests and 2 orcs.

Vanquished Creatures
  3 adders (D:3)
  2 dart slugs (D:1)
  5 leopard geckos
  A ball python (D:1)
  3 giant cockroaches
  3 hobgoblins
  A quokka (D:2)
  6 bats
  4 frilled lizards
  4 kobolds
  3 rats (D:1)
35 creatures vanquished.

Notes
Turn   | Place    | Note
-------+----------+-------------------------------------------
     0 | D:1      | Faca the Centaur Hunter began the quest for the Orb.
     0 | D:1      | Reached XP level 1. HP: 17/17 MP: 1/1
   234 | D:1      | Reached XP level 2. HP: 9/25 MP: 2/2
  1376 | D:2      | Reached XP level 3. HP: 31/31 MP: 3/3
  1518 | D:2      | Found a shadowy altar of Dithmenos.
  1536 | D:2      | You fall into a shaft and drop 2 floors!
  1545 | D:4      | Noticed a scorpion
  1563 | D:3      | Found a glowing drain.
  1596 | D:3      | Reached XP level 4. HP: 10/41 MP: 4/4
  1605 | D:3      | HP: 3/61 [poisoned by an adder]
  1613 | D:3      | HP: 2/61 [poisoned by an adder]
  1648 | D:3      | Slain by an orc priest

Levels and vault maps discovered:
D:1:      minmay_arrival_plants_in_alcoves, layout_basic, kennysheep_boxes
D:2:      layout_basic, lemuel_crystal_altar, gammafunk_temple_overflow_wave,
          first_ration, serial_forest, infiniplex_forest_lined_3,
          infiniplex_forest_fountain, infiniplex_forest_clump_large,
          infiniplex_forest_end_1, infiniplex_forest_end_2,
          infiniplex_forest_end_3, infiniplex_forest_lined_corner
D:3:      layout_loops_ring, gup_sewer_entry_glass
D:4:      layout_cave_pools

Skill      XL: |  1  2  3 |
---------------+----------+-----
Fighting       | 3 4 |  4.3
Bows           | |  5.3
Dodging        | |  1.3
Stealth        | |  0.4

Action                   |  1- 3 |  4- 6 || total
-------------------------+-------+-------++-------
Melee: Short sword       |   112 |    14 ||   126
       Kick              |    16 |       ||    16
  Use: Potion            |     1 |       ||     1
  Eat: Chunk             |     1 |     1 ||     2
Armor: Leather armour    |    27 |       ||    27
       Ring mail         |    39 |     1 ||    40
       Skin              |     8 |    17 ||    25
Dodge: Dodged            |    78 |     3 ||    81

Table legend:
 A = Non-vault XP
 B = Vault XP
 C = Vault XP percentage of total XP
 D = Non-vault monster count
 E = Vault monster count
 F = Vault count percentage of total count
                 A         B        C        D         E       F
            +---------+---------+-------+---------+---------+-------
      Total |      71 |      30 |  29.7 |      31 |       4 |  11.4
            +---------+---------+-------+---------+---------+-------
        D:1 |      38 |       0 |   0.0 |      19 |       0 |   0.0
        D:2 |      16 |       0 |   0.0 |      10 |       0 |   0.0
        D:3 |      17 |      30 |  63.8 |       2 |       4 |  66.7
            +---------+---------+-------+---------+---------+-------
